 Dungeon Crawl Stone Soup version 0.18-a0-867-gfd1cc8f (webtiles) character file.

381 M4edhros the Sneak (level 6, -2/38 HPs)
             Began as an Octopode Artificer on Dec 21, 2015.
             Was a Follower of Fedhas.
             Engulfed by a cloud of steam (15 damage)
             ... on level 5 of the Dungeon.
             The game lasted 00:06:23 (4093 turns).

M4edhros the Sneak (Octopode Artificer)             Turns: 4093, Time: 00:06:23

Health: -2/38      AC:  1    Str: 10    XL:     6   Next: 75%
Magic:  9/9        EV: 14    Int: 16    God:    Fedhas [*.....]
Gold:   136        SH:  0    Dex: 13    Spells: 0 memorised, 5 levels left

rFire  . . .     SeeInvis .     a - +0 short sword
rCold  . . .     Gourm    .     (no shield)
rNeg   . . .     Faith    .     (helmet restricted)
rPois  .         Spirit   .     (no amulet)
rElec  .         Dismiss  .     v - ring of sustain attributes
rCorr  .         Reflect  .     (no ring)
SustAt +         Harm     .     (no ring)
MR     .....                    (no ring)
Stlth  +++++.....               (no ring)
                                (no ring)
                                (no ring)
                                (no ring)

@: not resistant to hostile enchantments, quite stealthy
A: almost no armour, amphibious, 8 rings, constrict 8, camouflage 1, gelatinous
body 1
a: Evolution, Renounce Religion


You were on level 5 of the Dungeon.
You worshipped Fedhas.
Fedhas was aware of your devotion.
You were not hungry.

You visited 1 branch of the dungeon, and saw 5 of its levels.

You collected 136 gold pieces.

Inventory:

Hand Weapons
 a - a +0 short sword (weapon)
 y - a +0 hunting sling
Missiles
 i - 195 stones (quivered)
 p - 20 sling bullets
 u - 16 poisoned sling bullets
Jewellery
 v - a ring of sustain attributes (left tentacle)
Wands
 b - a wand of flame (12/48)
 c - a wand of enslavement (14/24)
 d - a wand of random effects (13/48)
 j - a wand of confusion (22/48)
 B - a wand of paralysis (10/24)
Scrolls
 e - a scroll of amnesia
 f - a scroll of random uselessness {unknown}
 g - 2 scrolls of remove curse
 q - 3 scrolls of enchant weapon {unknown}
 r - 2 scrolls of immolation {unknown}
 s - a scroll of magic mapping {unknown}
 t - 4 scrolls of identify
 x - a scroll of enchant armour {unknown}
Potions
 k - a potion of might
 l - a potion of curing
 n - a potion of agility {unknown}
 o - a potion of magic {unknown}
 w - a potion of haste {unknown}
 z - a potion of berserk rage {unknown}
 A - a potion of invisibility {unknown}
Comestibles
 h - 4 meat rations
 m - a fruit


   Skills:
 - Level 1.0 Fighting
 - Level 1.0 Short Blades
 * Level 4.7 Dodging
 * Level 5.3 Stealth
 + Level 1.6 Invocations
 + Level 4.5 Evocations


You had 5 spell levels left.
You didn't know any spells.

Dungeon Overview and Level Annotations

Branches:
Dungeon (5/15)
 Temple: D:4-7

Altars:
Fedhas
Okawaru
Qazlal
The Shining One

Annotations:
D:3 1 runed door


Innate Abilities, Weirdness & Mutations

You cannot wear most types of armour.
You are amphibious.
You can wear up to eight rings at the same time.
You can use your tentacles to constrict eight enemies at once.
Your skin changes colour to match your surroundings (Stealth).
Your rubbery body absorbs attacks (AC +1).


Message History

Your wandering mushroom releases spores at the sky beast!
The sky beast is engulfed in a cloud of spores!
The sky beast appears confused.
Evoke which item? (* to show all) (? for menu, Esc to quit)
Zapping:
b - a wand of flame (13/48)
Press: ? - help, Shift-Dir - straight line, f/p - sky beast
Aim: a sky beast (severely wounded, confused)
The puff of flame hits the sky beast.
The sky beast is almost dead.
This wand has 12 charges left.
The sky beast seems less confused.
Your wandering mushroom barely misses the sky beast.
The sky beast is engulfed in a cloud of scalding steam.
You kill the sky beast!
Your Stealth skill increases to level 5!
You are engulfed in a cloud of scalding steam.
You see here a sky beast corpse.
You butcher the sky beast corpse.
You are engulfed in a cloud of scalding steam.
You die...
Fedhas appreciates your contribution to the ecosystem.

#.....###
##...###
#...##
#...# #...#
##..##
#...# #...#
##f@##
#...# #..##
########.##
.........#
##########


You could see a friendly wandering mushroom.

Vanquished Creatures
  A sky beast (D:5)
  A crimson imp (D:5)
  An orc wizard (D:3)
  2 orc priests (D:3)
  A centaur skeleton (D:4)
  5 adders
  A shadow imp (D:5)
  2 oozes (D:3)
  A worm (D:4)
  2 giant geckos (D:1)
  5 orcs (D:3)
  7 bats
  A giant cockroach (D:2)
  9 goblins
  13 hobgoblins
  6 jackals (D:3)
  5 kobolds (D:1)
  2 quokkas
  2 ball pythons
  3 giant newts
  A quokka skeleton (D:4)
  4 rats
75 creatures vanquished.

Vanquished Creatures (collateral kills)
  A giant gecko (D:3)
  3 orcs (D:3)
4 creatures vanquished.

Vanquished Creatures (others)
  An orc wizard (D:3)
  54 toadstools
55 creatures vanquished.

Grand Total: 134 creatures vanquished

Notes
Turn   | Place    | Note
--------------------------------------------------------------
     0 | D:1      | M4edhros the Octopode Artificer began the quest for the Orb.
     0 | D:1      | Reached XP level 1. HP: 13/13 MP: 3/3
   184 | D:1      | Reached XP level 2. HP: 11/18 MP: 4/4
   782 | D:4      | Found a blossoming altar of Fedhas.
   788 | D:4      | Found a stormy altar of Qazlal.
   937 | D:4      | Reached XP level 3. HP: 17/23 MP: 5/5
  1112 | D:4      | Became a worshipper of Fedhas Madash
  1121 | D:4      | Found an iron altar of Okawaru.
  1544 | D:1      | Reached XP level 4. HP: 28/28 MP: 6/6
  2658 | D:3      | Found a glowing golden altar of the Shining One.
  2674 | D:3      | Reached skill level 4 in Stealth
  2674 | D:3      | Reached XP level 5. HP: 17/33 MP: 7/7
  2680 | D:3      | Noticed an angel
  2690 | D:3      | Reached * piety under Fedhas
  2714 | D:3      | Found a runed door.
  2754 | D:3      | Reached skill level 1 in Invocations
  3381 | D:3      | Reached XP level 6. HP: 38/38 MP: 9/9
  3932 | D:5      | Entered Level 5 of the Dungeon
  4090 | D:5      | Reached skill level 5 in Stealth
  4093 | D:5      | Engulfed by a cloud of steam

Vault maps used:
D:1:      enne_arrival_octagon_isle
D:3:      lemuel_angel_altar
D:4:      grunt_temple_overflow_forces_of_nature, okawaru_ov_weapons_minmay,
          first_bread, minmay_misc_feat_room
D:5:      temple_statues, serial_curves, eino_curves_04, eino_curves_04,
          mrwooster_statue_mirror, st_stairs_9

Action                   |  1- 3 |  4- 6 || total
-------------------------+-------+-------++-------
Melee: Short sword       |    46 |   124 ||   170
Invok: Evolution         |       |     1 ||     1
Evoke: Wand              |       |     6 ||     6
  Use: Scroll            |     4 |       ||     4
       Potion            |       |     3 ||     3
 Stab: Sleeping          |    10 |    12 ||    22
       Distracted        |       |     1 ||     1
  Eat: Bread ration      |       |     2 ||     2
       Royal jelly       |       |     1 ||     1
